[Event "Titled Tuesday Blitz August 17 2021"]
[White "Nakamura, Hikaru"]
[Black "Yoo, Christopher Woojin"]
[WhiteFideId "2016192"]
[BlackFideId "30909694"]
[WhiteElo "2900"]
[BlackElo "2105"]
[Result "1-0"]
[Round "08"]
[TimeControl "180+1"]
[Date "2021.08.17"]
[WhiteClock "0:00:15"]
[BlackClock "0:00:01"]

1. Nf3 Nf6 2. b3 b6 3. Bb2 Bb7 4. g3 g6 5. Bg2 Bg7 6. d4 O-O 7. c4 e6 8. O-O d5 9. cxd5 exd5 10. Nc3 Nbd7 11. Qc2 c6 12. Rfd1 Re8 13. e3 Rc8 14. b4 b5 15. Ne1 a5 16. bxa5 Qxa5 17. Nd3 Bf8 18. a4 b4 19. Nb1 Ne4 20. Nd2 Nxd2 21. Qxd2 Nb6 22. Nc1 Nc4 23. Qc2 Ra8 24. Nb3 Qb6 25. Re1 Ra7 26. Ra2 Rea8 27. Rea1 Nxb2 28. Qxb2 Ba6 29. Qc2 Bc4 30. Bf1 Qa6 31. Rc1 Bxf1 32. Rxf1 Qc4 33. a5 Ra6 34. Rc1 Qb5 35. Qe2 Qb7 36. Rac2 Bd6 37. e4 dxe4 38. Qxe4 Rc8 39. h4 Qb5 40. Rc4 Qa4 41. Qf3 Qb5 42. h5 Qxh5 43. Qxh5 gxh5 44. d5 c5 45. Rxb4 Rca8 46. Rb5 Kg7 47. Kg2 Kf6 48. Rb7 R8a7 49. Rb5 Ke5 50. Rd1 c4 51. Nd2 Kf6 52. Nxc4 Bc7 53. d6 Bd8 54. Rxh5 Kg6 55. Rdh1 1-0


[Site "https://www.chess.com"]

[Event "Titled Tuesday Blitz August 17 2021"]
[White "Nguyen Hong Nhung"]
[Black "Cunha, Lucas Aguiar"]
[WhiteFideId "12412201"]
[BlackFideId "2125404"]
[WhiteElo "1661"]
[BlackElo "2361"]
[Result "0-1"]
[Round "08"]
[TimeControl "180+1"]
[Date "2021.08.18"]
[WhiteClock "0:00:32"]
[BlackClock "0:00:18"]

1. e4 c5 2. Nc3 Nc6 3. Bb5 Nd4 4. Bc4 e6 5. Nge2 Ne7 6. O-O Nec6 7. d3 a6 8. a4 Be7 9. f4 d6 10. Nxd4 cxd4 11. Ne2 O-O 12. Ng3 Bd7 13. Qh5 Rc8 14. Bd2 g6 15. Qh6 Bf6 16. f5 Ne5 17. fxg6 hxg6 18. Nh5 Bh8 19. Bg5 f6 20. Bxf6 Rxf6 21. Nxf6+ Bxf6 22. Bb3 Bg5 23. Qh3 Qe7 24. Rf2 Be3 25. Rf1 Rf8 26. Qg3 Rxf2 27. Rxf2 Qf6 28. Kf1 Bxf2 29. Qxf2 Qxf2+ 30. Kxf2 Kf7 31. h3 Kf6 32. Kg3 Bc6 33. Kf4 g5+ 34. Kg3 d5 35. exd5 Bxd5 36. Bxd5 exd5 37. h4 gxh4+ 38. Kxh4 Kf5 39. Kg3 Ng4 40. Kf3 Ne3 41. c3 Ke5 42. g4 a5 43. g5 Nf5 44. Kg4 Ng7 45. g6 dxc3 46. bxc3 Kf6 47. Kf4 Ne6+ 48. Ke3 Kxg6 49. c4 d4+ 50. Ke4 Kf6 51. Kd5 Kf5 52. c5 Kf6 53. Kc4 Ke5 54. Kb5 Kd5 55. Kxa5 Nxc5 56. Kb5 Nxd3 57. a5 Nc5 58. Kb6 d3 59. Kc7 d2 60. Kb6 d1=Q 61. Kc7 Qa4 62. Kb6 Qc6+ 63. Ka7 Qa6+ 64. Kb8 Qxa5 65. Kc8 Kc6 66. Kb8 Ne6 67. Kc8 Qc7# 0-1


[Site "https://www.chess.com"]

[Event "Titled Tuesday Blitz August 17 2021"]
[White "Nguyen, Thi Minh Oanh"]
[Black "Melikhov, Evgeny V."]
[WhiteFideId "12404080"]
[BlackFideId "4122046"]
[WhiteElo "1825"]
[BlackElo "1957"]
[Result "1-0"]
[Round "08"]
[TimeControl "180+1"]
[Date "2021.08.18"]
[WhiteClock "0:00:15"]
[BlackClock "0:00:09"]

1. d4 Nf6 2. Bg5 e6 3. Nd2 h6 4. Bh4 c5 5. e3 cxd4 6. exd4 b6 7. Ngf3 Bb7 8. Bd3 Be7 9. O-O d6 10. Qe2 a6 11. a4 Nbd7 12. Bc4 O-O 13. Rfe1 Nd5 14. Bxe7 Qxe7 15. c3 N7f6 16. Nf1 Nf4 17. Qd2 N6d5 18. Ne3 Qf6 19. Nxd5 Nxd5 20. Qe2 Nf4 21. Qe3 Nh3+ 22. Kh1 Ng5 23. Nxg5 hxg5 24. Bd3 Qf4 25. Qh3 Qh4 26. Qxh4 gxh4 27. Be4 Bxe4 28. Rxe4 g5 29. f4 g4 30. h3 g3 31. Rf1 d5 32. Re5 Kg7 33. f5 Rh8 34. fxe6 fxe6 35. Rg5+ Kh6 36. Rg4 Kh5 37. Rff4 Raf8 38. Rxh4+ Kg6 39. Rhg4+ Kh5 40. Rh4+ Kg6 41. Rhg4+ Kh5 42. Rxf8 Rxf8 43. Rxg3 Rf2 44. Re3 Rxb2 45. Rxe6 Kh4 46. Kh2 a5 47. Re5 Rc2 48. Rxd5 Ra2 49. Rb5 Rc2 50. c4 Rd2 51. Rxb6 Rxd4 52. Rb5 Rd2 53. Rb8 Rc2 54. Ra8 Rxc4 55. Rxa5 Rc5 56. g3+ Kg5 57. Rxc5+ 1-0


[Site "https://www.chess.com"]

[Event "Titled Tuesday Blitz August 17 2021"]
[White "Novikova, Galina"]
[Black "Grafil, Franz Robert"]
[WhiteFideId "4157095"]
[BlackFideId "5205298"]
[WhiteElo "1907"]
[BlackElo "2211"]
[Result "0-1"]
[Round "08"]
[TimeControl "180+1"]
[Date "2021.08.18"]
[WhiteClock "0:00:02"]
[BlackClock "0:00:11"]

1. e4 d5 2. exd5 Qxd5 3. Nf3 Nf6 4. Be2 Nc6 5. d4 Bg4 6. Be3 O-O-O 7. c4 Qd7 8. Nbd2 Bxf3 9. Nxf3 e6 10. O-O Ng4 11. a3 Nxe3 12. fxe3 Be7 13. b4 Bf6 14. b5 Ne7 15. a4 Nf5 16. Qc1 g5 17. Rd1 h5 18. a5 g4 19. Ne5 Bxe5 20. dxe5 Qe7 21. b6 cxb6 22. axb6 a6 23. c5 Rxd1+ 24. Bxd1 Kb8 25. c6 bxc6 26. Rxa6 Qb7 27. Be2 Rd8 28. Qa1 Nxe3 29. Ra7 Qxb6 30. Ra8+ Kc7 31. Ra7+ Kb8 32. Ra8+ Kc7 33. Ra7+ Kc8 34. Ra8+ Kd7 35. Rxd8+ Kxd8 36. Kh1 Ke7 37. Qc1 Qd4 38. h3 gxh3 39. Bf3 hxg2+ 0-1


[Site "https://www.chess.com"]

[Event "Titled Tuesday Blitz August 17 2021"]
[White "Nozdrachev, Leonid"]
[Black "Mekhitarian, Krikor Sevag"]
[WhiteFideId "24113433"]
[BlackFideId "2107660"]
[WhiteElo "2240"]
[BlackElo "2598"]
[Result "0-1"]
[Round "08"]
[TimeControl "180+1"]
[Date "2021.08.17"]
[WhiteClock "0:00:01"]
[BlackClock "0:00:03"]

1. e4 c5 2. c3 d5 3. exd5 Qxd5 4. d4 g6 5. Nf3 Bg7 6. Be3 Nf6 7. c4 Qd8 8. h3 O-O 9. Nc3 cxd4 10. Nxd4 a6 11. Be2 Qc7 12. O-O Rd8 13. Qb3 Nbd7 14. Nf3 b6 15. Rfd1 Bb7 16. Qa3 Nc5 17. Rac1 e6 18. b4 Nce4 19. Na4 Rxd1+ 20. Rxd1 b5 21. Nb6 Rb8 22. cxb5 Nc3 23. Re1 Nxe2+ 24. Rxe2 Bxf3 25. gxf3 axb5 26. Qa6 Qc6 27. Qa7 Rd8 28. Rd2 Rxd2 29. Bxd2 h5 30. Kg2 Nd5 31. Nxd5 Qxd5 32. Be3 Bc3 33. a4 bxa4 34. Qxa4 Kh7 35. Qa7 Kg7 36. Qc5 Be5 37. Qxd5 exd5 38. Ba7 Kf6 39. b5 Ke6 40. b6 Bd4 41. Kf1 Bc5 42. Ke2 Kf5 43. Bb8 Bxb6 44. Bd6 Bd4 45. Bg3 Be5 46. Bh4 g5 47. Bg3 Bxg3 48. fxg3 h4 49. gxh4 gxh4 50. Ke3 Ke5 51. Kd3 Kf4 52. Ke2 Kg3 53. f4 Kxf4 0-1


[Site "https://www.chess.com"]

[Event "Titled Tuesday Blitz August 17 2021"]
[White "Nurmanova, Alua"]
[Black "Christensen, Thomas"]
[WhiteFideId "13729390"]
[BlackFideId "1403532"]
[WhiteElo "1869"]
[BlackElo "2255"]
[Result "1-0"]
[Round "08"]
[TimeControl "180+1"]
[Date "2021.08.18"]
[WhiteClock "0:00:15"]
[BlackClock "0:00:01"]

1. e4 e5 2. Nf3 d5 3. exd5 e4 4. Qe2 Nf6 5. Nc3 Be7 6. Nxe4 O-O 7. Nxf6+ Bxf6 8. d4 Re8 9. Be3 Qxd5 10. Qd2 Nc6 11. Be2 Bg4 12. O-O Rad8 13. c3 Qh5 14. h3 Bxh3 15. gxh3 Qxh3 16. Nh2 Re4 17. Bd3 Rh4 18. f3 Rd5 19. Qg2 Qe6 20. Rae1 Rdh5 21. Bf2 Qd7 22. Bxh4 Bxh4 23. Re4 Bf6 24. Ng4 Rg5 25. Rfe1 Kf8 26. Re8+ Qxe8 27. Rxe8+ Kxe8 28. Qe2+ Kf8 29. Kf1 Be7 30. Bc4 h5 31. Nf2 Bf6 32. Qe4 g6 33. Qf4 Kg7 34. Qxc7 Rf5 35. Qxf7+ Kh6 36. Qe8 Rxf3 37. Bd3 Ne7 38. Qf8+ Kg5 39. Ke2 Rxf2+ 40. Kxf2 Nd5 41. Qg8 Nf4 42. Be4 Be7 43. d5 Bc5+ 44. Kf3 Bg1 45. Qd8+ Kh6 46. Kxf4 1-0


[Site "https://www.chess.com"]

[Event "Titled Tuesday Blitz August 17 2021"]
[White "Obolentseva, Alexandra"]
[Black "Perez Rodriguez, Luis Manuel"]
[WhiteFideId "24153648"]
[BlackFideId "3503364"]
[WhiteElo "2113"]
[BlackElo "2429"]
[Result "1-0"]
[Round "08"]
[TimeControl "180+1"]
[Date "2021.08.18"]
[WhiteClock "0:01:30"]
[BlackClock "0:00:48"]

1. d4 d5 2. c4 c6 3. Nf3 Nf6 4. Nc3 e6 5. Bg5 dxc4 6. e4 b5 7. e5 h6 8. Bh4 g5 9. Nxg5 hxg5 10. Bxg5 Nbd7 11. exf6 Bb7 12. g3 c5 13. d5 Nxf6 14. Bg2 Be7 15. O-O Nxd5 16. Bxe7 Kxe7 17. Ne4 Qb6 18. Qf3 f5 19. Ng5 Rag8 20. h4 Rg6 21. Rfe1 f4 22. Rad1 Qd6 23. Rxd5 1-0


[Site "https://www.chess.com"]

[Event "Titled Tuesday Blitz August 17 2021"]
[White "Obregon, Andres Carlos"]
[Black "Silich, Yahor"]
[WhiteFideId "111724"]
[BlackFideId "13513656"]
[WhiteElo "2572"]
[BlackElo "2142"]
[Result "1-0"]
[Round "08"]
[TimeControl "180+1"]
[Date "2021.08.17"]
[WhiteClock "0:02:20"]
[BlackClock "0:02:20"]

1. d4 Nf6 2. Nf3 g6 3. Bg5 Bg7 4. Nbd2 O-O 5. e4 d6 6. c3 c5 7. dxc5 dxc5 8. Bc4 h6 9. Bh4 Nc6 10. O-O Nh5 11. Re1 Qc7 12. a4 b6 13. Qe2 Bg4 14. h3 Bd7 15. e5 Nf4 16. Qe4 g5 17. Bxg5 hxg5 18. Nxg5 Rfd8 19. Qh7+ Kf8 20. Bxf7 1-0


[Site "https://www.chess.com"]

[Event "Titled Tuesday Blitz August 17 2021"]
[White "Ovetchkin, Roman"]
[Black "Damjanovic, Vladimir"]
[WhiteFideId "4119991"]
[BlackFideId "903795"]
[WhiteElo "2432"]
[BlackElo "2374"]
[Result "0-1"]
[Round "08"]
[TimeControl "180+1"]
[Date "2021.08.17"]
[WhiteClock "0:00:17"]
[BlackClock "0:00:08"]

1. d4 d5 2. c4 c6 3. Nf3 Nf6 4. Qc2 dxc4 5. e4 b5 6. b3 cxb3 7. axb3 Bb7 8. e5 Nd5 9. e6 fxe6 10. Bd2 Nd7 11. Bd3 N7f6 12. Ne5 Qb6 13. Nf3 g6 14. O-O Bg7 15. Re1 a5 16. Rxe6 O-O 17. Qc1 Ra6 18. Qe1 Bc8 19. Nc3 Bxe6 20. Qxe6+ Kh8 21. Ng5 Qxd4 22. Qh3 Nxc3 23. Re1 Qg4 24. Bxc3 Qxg5 25. g3 Raa8 26. Qe6 Qd5 27. Qe2 a4 28. bxa4 bxa4 29. Bb1 Qb5 30. Qe6 Qb3 31. Qe3 a3 32. Qc1 a2 33. Bxa2 Qxa2 34. Rxe7 Rae8 35. Rxg7 Kxg7 36. Qf4 Qb1+ 37. Kg2 Qe4+ 38. Qxe4 Rxe4 0-1


[Site "https://www.chess.com"]

[Event "Titled Tuesday Blitz August 17 2021"]
[White "Ozen, Bahadir"]
[Black "Gupta, Abhijeet"]
[WhiteFideId "6337058"]
[BlackFideId "5010608"]
[WhiteElo "2503"]
[BlackElo "2549"]
[Result "0-1"]
[Round "08"]
[TimeControl "180+1"]
[Date "2021.08.17"]
[WhiteClock "0:00:46"]
[BlackClock "0:00:47"]

1. Nf3 Nf6 2. g3 g6 3. Bg2 Bg7 4. O-O O-O 5. d4 d5 6. c3 c6 7. Nbd2 Bf5 8. Nh4 Bg4 9. h3 Be6 10. Re1 Nbd7 11. e4 dxe4 12. Nxe4 Nxe4 13. Rxe4 Bd5 14. Re1 Bxg2 15. Kxg2 e5 16. dxe5 Nxe5 17. Qxd8 Raxd8 18. Nf3 Nd3 19. Re7 Rfe8 20. Rxe8+ Rxe8 21. Kf1 b6 22. Rb1 Nc5 23. Be3 Na4 24. Bd4 c5 25. Bxg7 Kxg7 26. c4 Kf6 27. b3 Nc3 28. Rc1 Ne4 29. Rd1 Re7 30. Rd3 h6 31. Nd2 Ng5 32. h4 Ne6 33. Nf3 Rc7 34. Ke2 Ke7 35. Ke3 Kf6 36. Ke2 g5 37. hxg5+ hxg5 38. Kd2 g4 39. Nh2 Kg5 40. Rd5+ f5 41. Nf1 Nd4 42. Ne3 Rh7 43. b4 Rh2 44. bxc5 bxc5 45. Ke1 Rh1+ 46. Kd2 Ra1 47. Rxc5 Rxa2+ 48. Ke1 Ra1+ 49. Kd2 Nb3+ 0-1


[Site "https://www.chess.com"]

[Event "Titled Tuesday Blitz August 17 2021"]
[White "Papasimakopoulos, Alexandros"]
[Black "Goncalves, Davi Sulzbacher"]
[WhiteFideId "4244125"]
[BlackFideId "2154510"]
[WhiteElo "2352"]
[BlackElo "2107"]
[Result "1-0"]
[Round "08"]
[TimeControl "180+1"]
[Date "2021.08.17"]
[WhiteClock "0:00:10"]
[BlackClock "0:00:01"]

1. d4 Nf6 2. c4 g6 3. Nc3 d5 4. Nf3 Bg7 5. Qb3 dxc4 6. Qxc4 a6 7. e4 O-O 8. Be2 b5 9. Qb3 c5 10. dxc5 Bb7 11. e5 Nfd7 12. Be3 Nxe5 13. Nxe5 Bxe5 14. O-O Qc7 15. f4 Bg7 16. Rad1 e6 17. a4 bxa4 18. Nxa4 Nc6 19. Rd6 Rfd8 20. Rfd1 Ne7 21. Qb6 Qxb6 22. Nxb6 Rxd6 23. cxd6 Nd5 24. Nxa8 Bxa8 25. d7 Bf6 26. Bf3 Bc6 27. Bxd5 exd5 28. Bd4 Bd8 29. Ra1 a5 30. Bc3 a4 31. b3 axb3 32. Ra6 d4 33. Bxd4 Be4 34. Bf6 Bxf6 35. Rxf6 b2 36. d8=Q+ Kg7 37. Rb6 b1=Q+ 38. Rxb1 Bxb1 39. Qd4+ Kg8 40. g4 Ba2 41. f5 h5 42. fxg6 fxg6 43. Qd8+ Kg7 44. Qe7+ Bf7 45. g5 Kg8 46. Kf2 Kg7 47. Ke3 h4 48. Kf4 h3 49. Ke5 Kg8 50. Kf6 Kh8 51. Qf8+ Bg8 52. Qg7# 1-0


[Site "https://www.chess.com"]

[Event "Titled Tuesday Blitz August 17 2021"]
[White "Paravyan, David"]
[Black "Awatramani, Janak"]
[WhiteFideId "4194985"]
[BlackFideId "2608359"]
[WhiteElo "2562"]
[BlackElo "2924"]
[Result "1-0"]
[Round "08"]
[TimeControl "180+1"]
[Date "2021.08.17"]
[WhiteClock "0:01:00"]
[BlackClock "0:00:07"]

1. e4 e6 2. d4 d5 3. exd5 exd5 4. Nf3 Nf6 5. Bd3 Be7 6. O-O O-O 7. h3 c6 8. Re1 Re8 9. Bf4 Nbd7 10. Nbd2 Nf8 11. c3 Be6 12. Qb3 b5 13. a4 a6 14. Ne5 Qc8 15. Ndf3 N6d7 16. Qc2 Nxe5 17. Nxe5 b4 18. c4 c5 19. cxd5 Bxd5 20. Bf5 Be6 21. Be4 cxd4 22. Qd3 Ra7 23. Rac1 Rc7 24. Nc6 Bf6 25. Bxc7 Qxc7 26. Nxd4 Qf4 27. Nxe6 Nxe6 28. Bxh7+ Kh8 29. Bf5 Rd8 30. Qe4 Bxb2 31. Rb1 Bc3 32. Bxe6 Qxe4 33. Rxe4 fxe6 34. Rexb4 Bxb4 35. Rxb4 Rd6 36. g3 Kh7 37. Kg2 Kg6 38. Kf3 Kf5 39. Rf4+ Ke5 40. Kg4 a5 41. Kg5 Rb6 42. Kg6 Rb7 43. h4 Kd5 44. h5 e5 45. Rf7 1-0


[Site "https://www.chess.com"]

[Event "Titled Tuesday Blitz August 17 2021"]
[White "Pasquier, Thomas"]
[Black "McBryde, Lamel"]
[WhiteFideId "614815"]
[BlackFideId "2058596"]
[WhiteElo "2114"]
[BlackElo "2136"]
[Result "1-0"]
[Round "08"]
[TimeControl "180+1"]
[Date "2021.08.18"]
[WhiteClock "0:00:25"]
[BlackClock "0:00:04"]

1. c4 Nf6 2. g3 e6 3. Bg2 d5 4. Qc2 c5 5. b3 Nc6 6. cxd5 exd5 7. Nf3 g6 8. Bb2 Bf5 9. d3 Rc8 10. O-O Bg7 11. Qxc5 b6 12. Qe3+ Ne7 13. Na3 O-O 14. Qd2 Qd7 15. Rac1 Bh3 16. Rxc8 Rxc8 17. Rc1 Re8 18. Nc2 Bxg2 19. Kxg2 h6 20. Ne3 g5 21. h3 Ng6 22. Bd4 g4 23. hxg4 Nxg4 24. Nxg4 Qxg4 25. Bxg7 Kxg7 26. Rc7 Re6 27. Rxa7 Rf6 28. Qe3 Rf5 29. Qd4+ Qxd4 30. Nxd4 Rf6 31. f4 Nxf4+ 32. gxf4 Rxf4 33. e3 Rg4+ 34. Kf3 Rg1 35. Rb7 Ra1 36. a4 Rf1+ 37. Ke2 Rf6 38. Rd7 h5 39. Rxd5 Rh6 40. Nf5+ 1-0


[Site "https://www.chess.com"]

[Event "Titled Tuesday Blitz August 17 2021"]
[White "Perez Gormaz, Matias"]
[Black "Martins, Vinicius Tine"]
[WhiteFideId "3406342"]
[BlackFideId "2112884"]
[WhiteElo "2352"]
[BlackElo "2373"]
[Result "1-0"]
[Round "08"]
[TimeControl "180+1"]
[Date "2021.08.17"]
[WhiteClock "0:00:32"]
[BlackClock "0:00:01"]

1. e4 c5 2. Nf3 d6 3. d4 cxd4 4. Nxd4 Nf6 5. Nc3 g6 6. g3 Nc6 7. Nde2 Bd7 8. Bg2 Qc8 9. h3 Bg7 10. Nf4 O-O 11. O-O e5 12. Nfe2 Bxh3 13. Bg5 Bxg2 14. Kxg2 Qd7 15. Bxf6 Bxf6 16. Nd5 Bg7 17. Qd3 f5 18. f3 Rf7 19. Rad1 Raf8 20. Ne3 Bh6 21. Nc4 fxe4 22. Qxe4 Rf6 23. Rd3 Qe7 24. c3 b5 25. Qd5+ Kh8 26. Nxd6 Nd8 27. Ne4 Rf5 28. Qxb5 Ne6 29. Qd7 Qxd7 30. Rxd7 Be3 31. Rh1 h5 32. Rhd1 Rxf3 33. Re7 Ng7 34. Rdd7 Bh6 35. Rxa7 1-0


[Site "https://www.chess.com"]

[Event "Titled Tuesday Blitz August 17 2021"]
[White "Pert, Richard G"]
[Black "Sokolovsky, Yahli"]
[WhiteFideId "404748"]
[BlackFideId "2820242"]
[WhiteElo "2441"]
[BlackElo "1770"]
[Result "0-1"]
[Round "08"]
[TimeControl "180+1"]
[Date "2021.08.17"]
[WhiteClock "0:00:03"]
[BlackClock "0:00:04"]

1. e4 g6 2. Nc3 Bg7 3. d4 d6 4. Be3 a6 5. Qd2 b5 6. f3 Bb7 7. a4 b4 8. Nce2 a5 9. c3 Na6 10. Nh3 c5 11. Nf2 Nf6 12. Bh6 O-O 13. Bxg7 Kxg7 14. d5 e6 15. dxe6 fxe6 16. Nf4 Qe7 17. Bb5 Nc7 18. O-O e5 19. Ne2 Nxb5 20. axb5 Qc7 21. c4 Bc8 22. Ng3 Be6 23. Qd3 Rfd8 24. Nd1 Nd7 25. Ne3 Nb6 26. f4 exf4 27. Rxf4 d5 28. Raf1 dxc4 29. Qe2 Rf8 30. Nef5+ gxf5 31. exf5 Bf7 32. f6+ Kh8 33. Rh4 Bg6 34. Qg4 Qf7 35. Rh6 Nd5 36. Qg5 Nxf6 37. h4 Qg7 38. Kh2 Ng8 39. Rxg6 Qxg6 40. Qe5+ Qg7 41. Qxc5 Rxf1 42. Nxf1 Re8 43. Qxc4 Qe5+ 44. Ng3 Nf6 45. Qc6 Nh5 46. Kg1 Qe3+ 47. Kh1 Nxg3+ 48. Kh2 Nf1+ 49. Kh1 Qe5 50. Qc4 Ng3+ 51. Kg1 Ne2+ 52. Kh1 Nf4 53. Kh2 Nd5+ 54. Kh3 Qf5+ 55. g4 Qf3+ 56. Kh2 Re2+ 57. Kg1 Qf2+ 58. Kh1 Qg2# 0-1


[Site "https://www.chess.com"]

[Event "Titled Tuesday Blitz August 17 2021"]
[White "Petrovskyi, Vadym"]
[Black "Rodchenkov, Vitaly"]
[WhiteFideId "14165210"]
[BlackFideId "4152964"]
[WhiteElo "2334"]
[BlackElo "2337"]
[Result "0-1"]
[Round "08"]
[TimeControl "180+1"]
[Date "2021.08.17"]
[WhiteClock "0:01:04"]
[BlackClock "0:00:52"]

1. e4 c5 2. Nf3 d6 3. d4 cxd4 4. Nxd4 Nf6 5. Nc3 a6 6. Bg5 e6 7. f4 Qb6 8. Qd2 Qxb2 9. Rb1 Qa3 10. f5 Nc6 11. fxe6 fxe6 12. Nxc6 bxc6 13. e5 dxe5 14. Bxf6 gxf6 15. Ne4 Be7 16. Nxf6+ Bxf6 17. Be2 h5 18. O-O Qe7 19. Bd3 O-O 20. Rb3 h4 21. Rb4 Qg7 22. h3 Bg5 23. Rxf8+ Kxf8 24. Qf2+ Bf4 25. Qxh4 Qg3 26. Qf6+ Kg8 27. Bg6 Qe1# 0-1


[Site "https://www.chess.com"]

[Event "Titled Tuesday Blitz August 17 2021"]
[White "Piesik, Piotr"]
[Black "Przybylski, Wojciech"]
[WhiteFideId "1136194"]
[BlackFideId "1117599"]
[WhiteElo "2395"]
[BlackElo "2250"]
[Result "1-0"]
[Round "08"]
[TimeControl "180+1"]
[Date "2021.08.17"]
[WhiteClock "0:00:39"]
[BlackClock "0:00:02"]

1. Nf3 Nf6 2. g3 d5 3. Bg2 c6 4. O-O Bg4 5. d3 Nbd7 6. Nbd2 e6 7. e4 Be7 8. h3 Bxf3 9. Qxf3 O-O 10. Qe2 dxe4 11. dxe4 Bc5 12. Kh2 e5 13. a4 a5 14. Rd1 Qc7 15. Nb3 Bb6 16. Be3 Rfe8 17. Rd3 h6 18. Rad1 Nf8 19. Nc5 Ne6 20. Nxe6 Rxe6 21. Rb3 Bxe3 22. Qxe3 c5 23. Bf1 Rb6 24. Bb5 Rd6 25. Rxd6 Qxd6 26. Rd3 Qc7 27. f3 b6 28. Qd2 c4 29. Rc3 Rd8 30. Qe3 Rd4 31. b3 Qd6 32. Bxc4 Rd2+ 33. Be2 Qd4 34. Kh1 Kh7 35. Rd3 Qxe3 36. Rxe3 Rxc2 37. Bc4 Nh5 38. f4 exf4 39. gxf4 Nxf4 40. Bxf7 g5 41. e5 Kg7 42. Bc4 Kf8 43. e6 Ke7 44. Re5 Nxh3 45. Rf5 Nf2+ 46. Kg1 Ne4 47. Rf7+ 1-0


[Site "https://www.chess.com"]

[Event "Titled Tuesday Blitz August 17 2021"]
[White "Pires, Marcos Vinicius Torsani"]
[Black "Pavlov, Danila"]
[WhiteFideId "2118939"]
[BlackFideId "34126594"]
[WhiteElo "2273"]
[BlackElo "2323"]
[Result "0-1"]
[Round "08"]
[TimeControl "180+1"]
[Date "2021.08.18"]
[WhiteClock "0:00:16"]
[BlackClock "0:00:18"]

1. e4 e6 2. d4 d5 3. Bd3 Nf6 4. e5 Nfd7 5. Nd2 c5 6. c3 Nc6 7. Ne2 cxd4 8. cxd4 f6 9. exf6 Nxf6 10. Nf3 Bd6 11. O-O Qc7 12. Nc3 a6 13. Bg5 O-O 14. Bh4 Nh5 15. Re1 h6 16. Bg3 Nxg3 17. hxg3 Qf7 18. Qd2 g5 19. Rad1 Bd7 20. Bb1 Qg7 21. Ne2 Rf6 22. a3 Raf8 23. Qd3 g4 24. Nh4 Rxf2 25. Nf4 Bxf4 26. Kxf2 Be5+ 27. Kg1 Bxd4+ 28. Kh2 Bxb2 29. Rf1 Bf6 30. Ng6 Rf7 31. Nf4 Ne5 32. Qc2 Qg5 33. Rd2 h5 34. Rdf2 h4 35. gxh4 g3+ 36. Kg1 gxf2+ 37. Rxf2 Qxh4 38. Ng6 Nxg6 39. Qxg6+ Kf8 40. Kf1 Qg5 41. Qc2 Be7 42. Rxf7+ Kxf7 43. Qh7+ Qg7 44. Bg6+ Kf8 45. Qh5 Bb5+ 46. Kg1 Qa1+ 47. Kh2 Bd6+ 48. Kh3 Qh1+ 49. Kg4 Be2+ 0-1


[Site "https://www.chess.com"]

[Event "Titled Tuesday Blitz August 17 2021"]
[White "Plotnikov, Pavel"]
[Black "Garriga Cazorla, Pere"]
[WhiteFideId "4170342"]
[BlackFideId "32011601"]
[WhiteElo "2298"]
[BlackElo "2430"]
[Result "0-1"]
[Round "08"]
[TimeControl "180+1"]
[Date "2021.08.17"]
[WhiteClock "0:00:32"]
[BlackClock "0:02:23"]

1. e4 c5 2. Nf3 Nc6 3. Bb5 g6 4. O-O Bg7 5. Re1 Nf6 6. e5 Nd5 7. Nc3 Nc7 8. Bxc6 dxc6 9. Ne4 b6 10. Nf6+ Kf8 11. Ne4 h6 12. d3 Kg8 13. h3 Kh7 14. c3 Ne6 15. Qc2 Ba6 16. Rd1 Qd7 17. Be3 Rhd8 18. d4 cxd4 19. cxd4 Rac8 20. Rac1 Bb7 21. Nc3 Nc7 22. h4 Qg4 23. Qe4 Qxe4 24. Nxe4 c5 25. Nc3 Bxf3 26. gxf3 cxd4 27. Bxd4 Ne6 28. Be3 Bxe5 29. Rd7 Rxd7 30. Nd5 Rxc1+ 31. Bxc1 Rxd5 32. Be3 Bf4 33. Kg2 Bxe3 34. fxe3 Rd2+ 35. Kg3 Rxb2 36. e4 g5 37. f4 gxf4+ 38. Kg4 Kg6 39. h5+ Kf6 40. e5+ Kxe5 41. Kh4 Ng5 42. Kg4 Rg2+ 43. Kh4 Nf3+ 44. Kh3 Rg3# 0-1


[Site "https://www.chess.com"]

[Event "Titled Tuesday Blitz August 17 2021"]
[White "Popilski, Gil"]
[Black "Dang, Hoang Son"]
[WhiteFideId "2809060"]
[BlackFideId "12402435"]
[WhiteElo "2537"]
[BlackElo "2248"]
[Result "1-0"]
[Round "08"]
[TimeControl "180+1"]
[Date "2021.08.17"]
[WhiteClock "0:00:27"]
[BlackClock "0:00:05"]

1. d4 Nf6 2. c4 g6 3. Nc3 Bg7 4. e4 O-O 5. f4 d6 6. Nf3 c5 7. d5 e6 8. dxe6 Bxe6 9. Bd3 Nc6 10. O-O Re8 11. f5 Bd7 12. Bg5 h6 13. fxg6 fxg6 14. Bf4 Ne5 15. Nxe5 dxe5 16. Be3 b6 17. Nd5 Nxd5 18. cxd5 Kh7 19. Qd2 Qe7 20. Bc4 Qd6 21. Rf7 Rf8 22. Rxg7+ Kxg7 23. Bxh6+ Kh7 24. Bxf8 Rxf8 25. Rf1 Rxf1+ 26. Kxf1 b5 27. Be2 c4 28. Qe3 a6 29. a3 Kg7 30. Kg1 Be8 31. h4 Bf7 32. Kh2 a5 33. Qg5 Qc7 34. Bg4 Kh7 35. Qf6 Be8 36. d6 Qb7 37. d7 Bxd7 38. Qe7+ Kh6 39. Bxd7 Qxe4 40. Qg5+ Kh7 41. Bxb5 Qd4 42. Qe7+ Kh6 43. Qg5+ Kh7 44. Be8 Qd6 45. h5 e4+ 46. g3 gxh5 47. Bxh5 Qd4 48. Qg6+ Kh8 49. Kh3 e3 50. Qh6+ Kg8 51. Qg5+ Kf8 52. Qf4+ Qxf4 53. gxf4 Ke7 54. Be2 Kd6 55. Bxc4 Kc5 56. Be2 Kd4 57. Kg4 Ke4 58. f5 1-0


[Site "https://www.chess.com"]

[Event "Titled Tuesday Blitz August 17 2021"]
[White "Potapova, Margarita"]
[Black "Pichot, Alan"]
[WhiteFideId "14126869"]
[BlackFideId "110973"]
[WhiteElo "2214"]
[BlackElo "2622"]
[Result "0-1"]
[Round "08"]
[TimeControl "180+1"]
[Date "2021.08.17"]
[WhiteClock "0:00:10"]
[BlackClock "0:00:03"]

1. d4 Nf6 2. c4 e6 3. Nc3 Bb4 4. Qc2 c5 5. dxc5 O-O 6. a3 Bxc5 7. Nf3 d5 8. cxd5 exd5 9. Bg5 Be6 10. e3 Nc6 11. Rd1 Rc8 12. Bd3 h6 13. Bh4 Be7 14. O-O Qb6 15. Na4 Qd8 16. Nc3 Qa5 17. Qe2 Rfd8 18. Bb1 Qb6 19. Na4 Qa5 20. Nc3 Bg4 21. h3 Bh5 22. g4 Bg6 23. Bxg6 fxg6 24. Qd3 g5 25. Bg3 Qb6 26. b4 a6 27. Na4 Qa7 28. Qg6 b5 29. Nc3 Nxb4 30. Nxb5 axb5 31. axb4 Bxb4 32. Be5 Qf7 33. Qb1 Rc4 34. Bd4 Bd6 35. Qxb5 Ne4 36. Ne5 Bxe5 37. Bxe5 Rc2 38. Bg3 Qe6 39. Qd3 Ra2 40. Ra1 Rxa1 41. Rxa1 Nxg3 42. fxg3 Qe5 43. Kg2 Qxa1 44. h4 Rf8 45. Qxd5+ Kh8 46. Qd2 Qf1+ 47. Kh2 Rf2+ 0-1


[Site "https://www.chess.com"]

[Event "Titled Tuesday Blitz August 17 2021"]
[White "Prraneeth Vuppala"]
[Black "Hamley, Ryan"]
[WhiteFideId "46622373"]
[BlackFideId "30959497"]
[WhiteElo "1759"]
[BlackElo "2416"]
[Result "0-1"]
[Round "08"]
[TimeControl "180+1"]
[Date "2021.08.17"]
[WhiteClock "0:00:05"]
[BlackClock "0:00:20"]

1. e4 e5 2. Nf3 Nc6 3. Bb5 a6 4. Ba4 Nf6 5. O-O b5 6. Bb3 Bc5 7. c3 d6 8. a4 Bb7 9. d4 Bb6 10. Bg5 h6 11. Bxf6 Qxf6 12. Bd5 O-O 13. Na3 bxa4 14. Qxa4 Nd8 15. Bxb7 Nxb7 16. Nc4 exd4 17. Qc6 Nc5 18. Nxb6 cxb6 19. cxd4 Rfc8 20. Qd5 Ne6 21. Qxd6 Rd8 22. Qxb6 Nxd4 23. Qxf6 gxf6 24. Nxd4 Rxd4 25. f3 Rb4 26. Rf2 a5 27. Rd2 a4 28. g4 Rab8 29. Ra2 Kg7 30. Kg2 Kg6 31. Kg3 R8b6 32. Kf4 Ra6 33. h4 h5 34. gxh5+ Kxh5 35. Rg2 Rab6 36. Rg7 Rxb2 37. Rxa4 Rh2 38. Ra5+ Kh6 39. Rxf7 Rxh4+ 40. Kf5 Rh5+ 41. Kg4 Rxa5 42. f4 Kg6 43. Re7 Rb4 44. Re6 Kf7 45. f5 Re5 46. Ra6 Rbxe4+ 47. Kh5 Rxf5+ 48. Kh6 Rh4# 0-1


[Site "https://www.chess.com"]